AoeStats
← enano traumado

Black Forest

506764860Analyzed
1v1 RM · 18d ago on Sep 15, 2026· 69m 43s· 2 players
Game mode
Random Map
Map size
Tiny (2 player)
Population
200
Speed
Normal
Resources
Standard
Victory
Conquest
Starting age
Dark Age
Ending age
Imperial Age
RankedLock teamsTeams togetherTeam positionsShared explorationLock speedFull tech treeHidden civsTurbo modeCheats
Victory
Defeat
🇦🇷 Bohemians · Argentina
319
+15
🇲🇽 Bohemians · Mexico
287
-15
Oscar Romaci
12:22 Feudal Age
14:48 Wheelbarrow
22:17 Castle Age
24:47 Double-Bit Axe
25:38 Bow Saw
25:52 Fletching
26:04 Padded Archer Armor
33:03 Hand Cart
33:30 Leather Archer Armor
36:54 Siphons
43:31 Imperial Age
43:02 Fortified Wall
43:54 Chemistry
43:56 Bodkin Arrow
44:12 Forging
45:52 Wagenburg Tactics
48:03 Conscription
49:56 Two-Man Saw
49:47 Ballistics
49:39 Incendiaries
50:37 Murder Holes
53:08 Bombard Tower
53:06 Masonry
52:38 Treadmill Crane
53:39 Ring Archer Armor
53:11 Scale Mail Armor
54:02 Houfnice
56:38 Chain Mail Armor
56:20 Arson
56:38 Squires
56:58 Hussite Reforms
57:27 Man-at-Arms
enano traumado
12:00 Feudal Age
13:24 Wheelbarrow
12:35 Double-Bit Axe
12:35 Horse Collar
15:32 Loom
21:29 Forging
21:19 Scale Mail Armor
21:24 Scale Barding Armor
21:10 Fletching
21:21 Padded Archer Armor
21:01 Man-at-Arms
21:27 Arson
25:54 Castle Age
24:38 Town Watch
25:59 Long Swordsman
25:59 Pikeman
26:42 Squires
27:19 Iron Casting
26:59 Chain Mail Armor
27:04 Chain Barding Armor
27:17 Bow Saw
27:15 Heavy Plow
29:07 Hand Cart
29:30 Light Cavalry
31:03 Bodkin Arrow
31:23 Leather Archer Armor
31:20 Husbandry
33:42 Crossbowman
35:33 Masonry
35:46 Ballistics
35:39 Fortified Wall
36:25 Treadmill Crane
37:48 Chemistry
37:36 Elite Skirmisher
38:15 Town Watch
38:16 Loom
42:03 Imperial Age
39:26 Loom
42:13 Imperial Age
41:40 Town Patrol
41:49 Town Patrol
45:37 Two-Man Saw
45:45 Blast Furnace
45:15 Plate Mail Armor
44:45 Bracer
45:15 Ring Archer Armor
44:09 Arbalester
44:12 Cavalier
44:14 Two-Handed Swordsman
44:14 Halberdier
45:30 Architecture
44:50 Elite Hussite Wagon
46:27 Champion
49:31 Wagenburg Tactics
51:38 Hussite Reforms
51:57 Conscription
51:25 Onager
54:10 Redemption
54:00 Atonement
54:12 Fervor
54:22 Sanctity
54:03 Devotion
54:29 Illumination
54:20 Block Printing
54:42 Theocracy
56:42 Heresy
56:18 Herbal Medicine
67:36 Spies/Treason
67:47 Sappers
67:44 Spies/Treason
68:36 Careening
68:22 Murder Holes
68:50 Bombard Tower
68:21 Guard Tower
68:17 Arrowslits
68:38 Siphons
68:43 Clinker Construction
68:39 Siege Engineers
69:04 Faith
Connection lost

Rejoining the realm…

Still unreachable

The connection could not be restored.

Session expired

The server has moved on; the page needs a fresh start.